Map: Dasan Station LE

Players

Fropez

  • Race: Protoss Protoss
  • League: Gold
  • Spawn Location: 12:00

Joon - Winner!

  • Race: Zerg Zerg
  • League: Gold
  • Spawn Location: 6:00

VOD

Have the link to the VOD?

Description

Time

  • Played on: Aug. 22, 2016, 5:49 p.m.
  • Length: 5:00
Show
View Real Time Build Order
Export as new Build Order

Fropez Protoss 

Build Orders: 1 Gate Expand 

Get SALT Encoding   

  12  0:01  Probe (Chrono Boost)  
  13  0:21  Pylon  
  13  0:26  Probe (Chrono Boost)  
  14  0:39  Gateway  
  14  0:41  Pylon  
  14  0:44  Probe (Chrono Boost)  
  15  1:01  Probe (Chrono Boost)  
  16  1:15  Pylon  
  16  1:20  Probe (Chrono Boost)  
  17  1:29  Nexus  
  17  1:39  Cybernetics Core  
  17  1:42  Probe (Chrono Boost)  
  18  1:51  Pylon  
  18  2:01  Probe (Chrono Boost)  
  19  2:09  Assimilator  
  19  2:11  Probe (Chrono Boost)  
  19  2:14  Assimilator  
  20  2:18  Gateway  
  20  2:22  Probe (Chrono Boost)  
  21  2:34  Probe (Chrono Boost)  
  22  2:42  Probe (Chrono Boost)  
  23  2:45  Warp Gate (Chrono Boost)  
  23  2:49  Probe  
  24  2:59  Assimilator  
  24  3:00  Mothership Core  
  24  3:03  Probe  
  27  3:13  Pylon  
  27  3:15  Probe  
  28  3:20  Probe  
  28  3:22  Adept  
  31  3:28  Probe  
  31  3:33  Forge  
  32  3:36  Probe  
  33  3:42  Probe  
  33  3:43  Twilight Council  
  33  3:45  Pylon  
  34  3:49  Adept  
  34  3:54  Stalker  
  38  3:55  Probe  
  38  4:17  Probe  
  38  4:18  Pylon  
  38  4:23  Pylon  
  39  4:26  Pylon  
  31  4:45  Probe  
Show
View Real Time Build Order
Export as new Build Order

Joon Zerg - Winner!

Build Orders: Pool First 

Get SALT Encoding   

  12  0:09  Overlord  
  12  0:15  Drone  
  12  0:17  Drone  
  14  0:29  Drone  
  14  0:34  Drone  
  16  0:44  Spawning Pool  
  16  0:45  Drone  
  16  0:51  Extractor x2  
  14  1:00  Drone  
  15  1:05  Drone  
  16  1:14  Overlord  
  16  1:31  Zergling x2  
  16  1:32  Queen  
  19  1:39  Zergling x2  
  20  1:40  Metabolic Boost  
  20  1:49  Zergling x2  
  21  2:00  Drone  
  22  2:10  Drone  
  23  2:19  Drone  
  23  2:22  Roach Warren  
  23  2:37  Overlord  
  23  2:41  Drone  
  24  2:44  Zergling x2  
  24  2:45  Zergling x4  
  28  2:58  Drone  
  28  3:08  Drone  
  29  3:13  Roach x3  
  29  3:19  Overlord  
  35  3:30  Drone  
  36  3:42  Drone  
  36  3:44  Roach x2  
  36  3:45  Roach  
  43  3:54  Drone  
  44  4:12  Overlord, Spore Crawler  
  39  4:41  Hatchery  
  40  4:50  Spine Crawler  
  45  4:55  Ravager x4  
Tags
 
Add a new tag
Caveats
  • Supply blocks, unpowered buildings, or Contaminate may cause inaccurate times.
  • Supply counts are checked every 10 seconds.